← All builds
Geo / Armada / Economy first / OBSERVED BUILD

Standard geo

Armada Geo build order · Supreme Isthmus

Standard Geo economy into T2 constructor and Starlight/Jaguar units sent to front as usual, with support built for teammates along the way.

Usually blows up the commander for T2 (72%)

#eco #t2 #team support · 1359 distinct matches · 238 players · 55% of Armada Geo games · team won 55% of 1581 · Recently observed

HOW TO PLAY IT

Key timing: T2 constructor by 4:55

  1. Open 2 mex and wind, then Bot Lab by 0:35.
  2. Rush geothermal powerplant to fund T2 ahead of other roles.
  3. Get T2 constructor out to start building T2 units.
  4. Add Vehicle Plant and Advanced Geothermal for the T2 push.
  5. Fly first Starlight to front with a transport from Air.

Phase by phase

TYPICAL OF ITS 1359 GAMES
  1. 1
  2. 2
  3. 3
  4. 4
PLAY THE OPENING

Follow the example game's first 6:00 step by step: what to build now, what comes next, and where it goes. At 1× it keeps pace with your own game.

  1. 1

    Up to the Bot Lab

    Economy
    • Metal Extractor3Mex
    • Wind Turbine4Wind
    Order
    1. Bot LabBot Lab after 3 mex, 4 winddone ~1:11, middle half 0:58–1:21

    By 0:55 in all: 3 mex · 4 wind

    The example game in this phase · 4 steps
    1. Mex ×2
    2. Solar
    3. Wind
    4. Bot LabBot Labdone 0:48 · typical 1:11
  2. 2

    Bot Lab to 5:00

    Economy
    • Metal Extractor2Mex
    • Wind Turbine3Wind
    • Energy Converter8Converter
    • Energy Storage1Energy storage
    Order
    1. Geothermal PowerplantGeo after 4 mex, 5 wind, 1 energy storage
    2. Bot LabEat Bot Lab
    Builders
    • Construction Turret5 Con turret
    • Lazarus4 Lazarus
    • Construction Bot2 Con bot
    • Construction Bot1 Con bot for allies
    • Lazarus1 Lazarus for allies

    By 5:00 in all: 4 mex · 7 wind · 1 geo · 8 converter · 1 energy storage · 5 con turret

    The example game in this phase · 35 steps
    1. Wind
    2. LazarusLazarus
    3. Wind
    4. TickTick
    5. LazarusLazarus
    6. Wind ×2
    7. Construction BotCon bot ×2
    8. LazarusLazarus
    9. Mex
    10. Construction BotCon bot ×2for Beach sea
    11. Mex
    12. Construction BotCon botfor Beach sea
    13. Energy storage
    14. Geothermal PowerplantGeodone 3:04 · typical 3:29
    15. Wind ×2
    16. Con turret ×3
    17. Bot LabEat Bot Labreclaimed for its metal
    18. Converter ×2
    19. Con turret
    20. Converter ×3
    21. Radar TowerRadar Tower
    22. Converter
    23. Con turret
    24. NettleNettle
    25. Con turret
    26. Converter ×4
    27. Wind ×2
    28. Converter
    29. Wind
    30. Converter
    31. Wind ×2
    32. Converter
    33. Wind
    34. Converter
    35. Wind ×2
  3. 3

    5:00 to Vehicle Plant

    Order
    1. Advanced Geothermal PowerplantAdvanced Geothermal Powerplant after 8 wind, 10 converter, 6 con turretin 57% of games
    2. Vehicle PlantVehicle Plant after 9 wind, 10 converter, 6 con turretdone ~7:06, middle half 6:38–7:32

    Some games also: con turret (49%) · converter (48%) · wind (40%)

    By 6:56 in all: 4 mex · 9 wind · 1 geo · 1 Advanced Geothermal Powerplant · 10 converter · 1 energy storage

    The example game in this phase · 12 steps
    1. Advanced solar
    2. Converter
    3. Wind ×2
    4. Converter
    5. Advanced solar
    6. Converter ×2
    7. Advanced solar
    8. Advanced Metal ExtractorT2 mex ×4done 6:17 · typical 5:38
    9. Advanced Geothermal PowerplantAdvanced Geothermal Powerplantdone 7:31 · typical 7:11
    10. Con turret
    11. Aircraft PlantAircraft Plantdone 7:37
    12. Vehicle PlantVehicle Plantdone 7:38 · typical 7:06
  4. 4

    Vehicle Plant to 10:00

    Economy
    • Wind Turbine5Wind
    • Energy Converter4Converter
    Order
    1. Advanced Vehicle PlantAdvanced Vehicle Plant after 10 wind, 11 converter, 6 con turret
    2. Vehicle PlantEat Vehicle Plant
    Builders
    • Construction Vehicle1 Con vehicle
    • Advanced Construction Vehicle1 T2 con vehicle for allies
    Army
    • Starlight2 Starlight
    • Umbra1 Jammer
    • Prophet1 Radar vehicle

    Some games also: con turret (48%) · Jaguar (36%)

    By 10:00 in all: 4 mex · 18 wind · 1 geo · 1 Advanced Geothermal Powerplant · 16 converter · 1 energy storage

    The example game in this phase · 60 steps
    1. BlinkScout plane
    2. Construction VehicleCon vehicle
    3. BlinkScout plane ×2
    4. FalconFighter
    5. Vehicle PlantEat Vehicle Plantreclaimed for its metal
    6. FalconFighter ×5
    7. Advanced Vehicle PlantAdvanced Vehicle Plantdone 8:29 · typical 8:02
    8. FalconFighter ×3
    9. Aircraft PlantEat Aircraft Plantreclaimed for its metal
    10. Advanced Construction VehicleT2 con vehiclefor Suicide front
    11. ProphetRadar vehicle
    12. UmbraJammer
    13. Converter
    14. StarlightStarlightdone 9:15 · typical 9:04
    15. JunoJuno
    16. Converter ×2
    17. StarlightStarlight
    18. Converter
    19. SentrySentry
    20. Converter
    21. GremlinStealth tank
    22. SentrySentry
    23. Converter
    24. GremlinStealth tank
    25. Advanced Construction VehicleT2 con vehicle
    26. SentrySentry
    27. TracerTracer
    28. StarlightStarlight
    29. JaguarJaguar
    30. StarlightStarlight
    31. JaguarJaguar
    32. StarlightStarlight
    33. JaguarJaguar
    34. StarlightStarlight
    35. JaguarJaguar
    36. StarlightStarlight
    37. JaguarJaguar
    38. StarlightStarlight
    39. Advanced Construction VehicleT2 con vehicle
    40. Converter ×2
    41. ShredderShredderdone 13:24
    42. Converter
    43. ShredderShredder ×2
    44. Converter
    45. Con turret
    46. ShredderShredder
    47. Con turret ×2
    48. Converter
    49. UmbraJammer
    50. Con turret ×3
    51. ProphetRadar vehicle
    52. ConsulConsul
    53. Con turret
    54. ConsulConsul
    55. Con turret
    56. JaguarJaguar ×2
    57. Con turret
    58. Converter
    59. JaguarJaguar
    60. Con turret

Counts are medians over the build's games: half of them build more, half fewer. The example game is TheGeneraI's (32 OS, 14/10/2026); pick another.

Team trades

IN AT LEAST 30% OF ITS GAMES

You hand over

  • Lazarus1 Lazarus to Beach seafirst at 2:17 · in 75% of games
  • Construction Bot1 Con bot to Beach seafirst at 2:27 · in 86% of games
  • Advanced Construction Vehicle1 T2 con vehicle to Suicide front or Frontfirst at 8:48 · in 63% of games

You get

  • Advanced Construction Bot1 T2 con bot from Techfirst at 4:53 · in 94% of games

How it plays out

Typical game of this build, running totals by minute

Metal produced

020k40k
0:005:0010:0015:00

metal

Enemy metal destroyed

05k10k15k
0:005:0010:0015:00

metal

Own metal lost

02k4k6k
0:005:0010:0015:00

metal

1581 games.

Show as table
ByMetal produced: This buildEnemy metal destroyed: This buildOwn metal lost: This build
1:0033300
2:0086100
3:00152700
4:00267100
5:00369400
6:00563600
7:00801500
8:001133500
9:00144064284
10:0017271472202
11:00201161737520
12:002298936141579
13:002573558742938
14:002858982524405
15:0031360102425550
WHAT THE NUMBERS SAY

Standard Geo play wins about half its games while destroying the most enemy metal by 15:00 among the roles shown here.

  • + Enemy metal destroyed jumps to 10560 by 15:00, highest of all six builds.
  • + Starlight makes up 34% of army, delivering the long-range T2 push.
  • − Own metal lost reaches 5977 by 15:00 from the aggressive T2 push.
  • − First Starlight only arrives in 60% of games, a late or inconsistent push.
THE EXAMPLE YOU ARE READING

TheGeneraI

32.4 OS · 14/10/2026

Open source match ↗

1 received units · includes a constructor
1601 metal received · 218995 energy received

Allied construction assistance is unknown. Timings are observations, not a promise of solo reproducibility.

Typical milestones

Bot Lab1:11Middle 50%: 0:58–1:21 · n=1580
Geothermal Powerplant3:29Middle 50%: 3:13–3:47 · n=1572
Advanced Metal Extractor5:38Middle 50%: 5:21–6:02 · n=1572
Vehicle Plant7:06Middle 50%: 6:38–7:32 · n=1528
Advanced Geothermal Powerplant7:11Middle 50%: 6:51–7:42 · n=1146
Advanced Vehicle Plant8:02Middle 50%: 7:40–8:33 · n=1463
Starlight9:04Middle 50%: 8:32–9:47 · n=1320

Played most by

0neTw0120games of this buildzeus_on_god119games of this buildXad53games of this buildTheGeneraI47games of this buildViltrum41games of this build